 Dungeon Crawl Stone Soup version 0.31-a0-466-g98c9adc2b6 (webtiles) character file.

Game seed: 5764952924795366901

1193 Monkooky the Trooper (level 8, -7/55 HPs)
             Began as an Octopode Shapeshifter on Aug 5, 2023.
             Was an Elder of Ignis.
             Killed from afar by an orc wizard (9 damage)
             ... with a magic dart
             ... on level 5 of the Dungeon.
             The game lasted 00:08:13 (5026 turns).

Monkooky the Trooper (Octopode Shapeshifter)        Turns: 5026, Time: 00:08:15

Health: -7/55      AC:  1    Str: 13    XL:     8   Next: 43%
Magic:  8/8        EV: 16    Int: 12    God:    Ignis [****..]
Gold:   304        SH:  0    Dex: 19    Spells: 7/7 levels left

rFire   + . .        t - +4 short sword (speed)
rCold   . . .        (no shield)
rNeg    . . .        (helmet currently unavailable)
rPois   .            (no amulet)
rElec   .            j - ring "Vexoov" {Int+3 SInv}
rCorr   .            r - +4 ring of slaying
SInv    +            (no ring)
Will    +....        (no ring)
Stlth   ++++         (no ring)
HPRegen 0.29/turn    (no ring)
MPRegen 0.11/turn    (no ring)
                     (no ring)

%: no passive effects
@: beast-form, enlightened, flying, studying Dodging
A: beast (slay +3), almost no armour, amphibious, 8 rings, camouflage 1,
gelatinous body 1, (nimble swimmer 1), tentacles, antennae 1, see invisible,
agile 1, subdued magic 1
a: Begin Untransformation, Renounce Religion, Fiery Armour, Foxfire Swarm,
Rising Flame


You were on level 5 of the Dungeon.
You worshipped Ignis.
Ignis was greatly pleased with you.
You were a hulking beast.
You visited 1 branch of the dungeon, and saw 6 of its levels.
You also visited: Sewer.

You collected 304 gold pieces.

Inventory:

Hand Weapons
 d - a +2 dagger of holy wrath
 g - a +1 dagger of venom
 t - a +4 short sword of speed (weapon)
Missiles
 i - 6 poisoned darts (quivered)
Jewellery
 j - the ring "Vexoov" (left tentacle) {Int+3 SInv}
   (You found it on level 2 of the Dungeon)

   [ring of see invisible]

   Int:       It affects your intelligence (+3).
   SInv:      It lets you see invisible.
 r - a +4 ring of slaying (right tentacle)
Talismans
 b - a beast talisman (active)
 h - a storm talisman
Wands
 s - a wand of flame (18)
Scrolls
 c - a scroll of torment
 k - 6 scrolls of teleportation {unknown}
 l - a scroll of blinking {unknown}
 m - 4 scrolls of fog
 o - a scroll of vulnerability {unknown}
 p - a scroll of enchant armour
 v - a scroll of revelation {unknown}
Potions
 a - 2 potions of lignification
 f - a potion of enlightenment
 u - a potion of degeneration {unknown}


   Skills:
 - Level 5.1 Fighting
 - Level 4.2 Short Blades
 + Level 4.8 Dodging
 - Level 3.0 Stealth
 - Level 4.8 Unarmed Combat
 - Level 4.4 Shapeshifting


You had 7 spell levels left.
You didn't know any spells.
Your spell library was empty.

Dungeon Overview and Level Annotations

Branches:
Dungeon (6/15)              Sewer (visited)
 Temple: D:4-7

Altars:
Ignis


Innate Abilities, Weirdness & Mutations

You are a hulking beast.
Your limbs bulge with bestial killing power. (Slay +3)
You cannot wear most types of armour.
You are amphibious.
You can wear up to eight rings at the same time.
Your skin changes colour to match your surroundings (Stealth+).
Your rubbery body absorbs attacks. (AC +1, EV +1)
((You are camouflaged when in or above water. (Stealth+)))
You have tentacles for arms and can constrict up to eight enemies at once.
You have a pair of small antennae on your head.
You have supernaturally acute eyesight. (SInv)
You are agile. (Dex +4, Str/Int -1)
Your spells are a little easier to cast, but a little less powerful.


Message History

You hit the orc. Your squeeze misses the orc.
The orc is severely wounded.
The orc misses you.
The orc wizard gestures at you while chanting.
The magic dart hits you!
The orc wizard points at you and mumbles some strange words.
The magic dart hits you!
You closely miss the orc wizard.
Unknown command.
It was a potion of enlightenment.
You feel very buoyant.
You fly up into the air.
You feel less confused.
The orc wizard hits you with a +0 dagger. x2
The orc barely misses you.
You closely miss the orc wizard. Your grab misses the orc wizard.
You squeeze the orc wizard!
The orc wizard is heavily wounded.
The orc wizard closely misses you.
The orc wizard gestures at you while chanting.
You resist with almost no effort. The orc closely misses you.
You closely miss the orc wizard. Your grab misses the orc wizard.
You tentacle-slap the orc wizard!
The orc wizard is almost dead.
The orc hits you with a +0 hand axe.
* * * LOW HITPOINT WARNING * * *
The orc wizard barely misses you.
The orc wizard hits you with a +0 dagger.
* * * LOW HITPOINT WARNING * * *
The orc wizard gestures at you while chanting.
The magic dart hits you!
* * * LOW HITPOINT WARNING * * *
It was a potion of mutation.
You feel extremely strange.
You feel agile.
Your vision sharpens.
Your connection to magic feels subdued.
A pair of antennae grows on your head!
The orc wizard hits you with a +0 dagger.
* * * LOW HITPOINT WARNING * * *
The orc wizard casts a spell at you. The magic dart hits you!
You die...

#...###.# ....###.#
####รท..# #.# #
......#.# #......# #.#
......#.# #.##+#.###.###
......#.###.............
........##.)......##.###
#...ooo..#......##.# #
#...oo# #......##.#
#.#..ooh# #......##.###
#.#.###o# #......+.....
#.......# #......##.###
#.......######..........
.
#.......#........###.###
.. #.......#.########
#.# ..5 #......##.####
#.# .... #......##....##
#.# .... #.............#
#.#


You could see 3 orc wizards and 5 orcs.

Vanquished Creatures
  Eustachio (D:4)
  Duvessa (D:4)
  Pargi (Sewer)
  An ogre (D:4)
  2 scorpions (D:5)
  4 wights (D:4)
  Dowan (D:4)
  A hound (D:3)
  A gnoll bouda (D:4)
  An orc priest (D:5)
  A jelly (D:4)
  An orc wizard (D:5)
  9 adders
  5 gnolls (D:4)
  2 shadow imps (D:5)
  3 dart slugs
  17 orcs
  6 ball pythons
  6 endoplasms
  3 giant cockroaches
  8 goblins
  9 hobgoblins
  2 jackals (D:1)
  9 kobolds
  3 quokkas
  11 bats
  8 frilled lizards
  3 rats (D:1)
120 creatures vanquished.

Vanquished Creatures (others)
  16 foxfires (D:4)
16 creatures vanquished.

Grand Total: 136 creatures vanquished

Notes
Turn   | Place    | Note
-------+----------+-------------------------------------------
     0 | D:1      | Monkooky the Octopode Shapeshifter began the quest for the
                  | Orb.
     0 | D:1      | Reached XP level 1. HP: 13/13 MP: 1/1
   183 | D:1      | Reached XP level 2. HP: 19/19 MP: 2/2
   192 | D:1      | Reached skill level 1 in Stealth
   451 | D:1      | Reached XP level 3. HP: 16/24 MP: 3/3
   626 | D:1      | Reached skill level 2 in Fighting
   908 | D:1      | Found a faded altar of an unknown god.
   925 | D:1      | Prayed at the altar of an unknown god.
   925 | D:1      | Became a worshipper of Ignis, the Dying Flame
  1235 | D:2      | Identified the ring "Vexoov" {Int+3 SInv}
  1600 | D:3      | Reached XP level 4. HP: 30/30 MP: 4/4
  1927 | D:3      | Reached XP level 5. HP: 34/35 MP: 5/5
  2011 | D:3      | Found a glowing drain.
  2016 | Sewer    | Entered a sewer
  2084 | Sewer    | Noticed Pargi
  2146 | Sewer    | Killed Pargi
  2147 | Sewer    | Reached skill level 3 in Fighting
  2147 | Sewer    | Reached XP level 6. HP: 20/42 MP: 6/6
  2721 | D:4      | You fall into a shaft and drop 2 floors!
  2731 | D:6      | Noticed a black bear
  2735 | D:5      | Entered Level 5 of the Dungeon
  2901 | D:5      | Reached skill level 4 in Fighting
  3065 | D:5      | Reached XP level 7. HP: 49/49 MP: 7/7
  3361 | D:4      | Noticed Dowan
  3362 | D:4      | Noticed Duvessa
  3378 | D:4      | Noticed Eustachio
  3390 | D:4      | Killed Eustachio
  3476 | D:4      | Killed Duvessa
  3477 | D:4      | Reached skill level 5 in Fighting
  3479 | D:4      | Killed Dowan
  3696 | D:4      | Reached skill level 1 in Short Blades
  3989 | D:4      | Reached XP level 8. HP: 19/55 MP: 8/8
  4288 | D:4      | Identified a scroll of acquirement
  4289 | D:4      | Acquired a manual of Dodging
  5026 | D:5      | Gained mutation: You are agile. (Dex +4, Str/Int -1)
                  | [potion of mutation]
  5026 | D:5      | Gained mutation: You have supernaturally acute eyesight.
                  | (SInv) [potion of mutation]
  5026 | D:5      | Gained mutation: Your spells are a little easier to cast,
                  | but a little less powerful. [potion of mutation]
  5026 | D:5      | Gained mutation: You have a pair of small antennae on your
                  | head. [potion of mutation]
  5026 | D:5      | HP: 2/55 [orc wizard/+0 dagger (2)]
  5026 | D:5      | Killed from afar by an orc wizard

Illustrated notes

Levels and vault maps discovered:
D:1:      dpeg_arrival_lava_altar, layout_basic,
          hellmonk_ecumenical_altar_prayer_group, nrook_loot_triangle,
          corexii_item_surrounded_by_moat, minmay_indecisive_spiral
D:2:      layout_rooms
D:3:      layout_loops_cross, portal_sewer_entry_e, minmay_misc_feat_five
D:4:      layout_basic, uniq_eustachio, uniq_duvessa
D:5:      layout_basic, minmay_temple_entry_offerings, serial_shops, shop
D:6:      layout_rooms, minmay_ruined_shrine, uniq_pikel, uniq_prince_ribbit1

Skill      XL: |  1  2  3  4  5  6  7  8 |
---------------+-------------------------+-----
Stealth        | 2 3 |  3.0
Fighting       | 2 3 4 5 |  5.1
Shapeshifting  | 4 |  4.4
Unarmed Combat | 4 |  4.8
Dodging        | 3 4 |  4.8
Short Blades   | 2 4 |  4.2

Action                     |  1- 3 |  4- 6 |  7- 9 || total
---------------------------+-------+-------+-------++-------
  Melee: Unarmed           |    57 |    18 |    22 ||    97
         Constrict         |    22 |    23 |    20 ||    65
         Tentacles         |    13 |    20 |    21 ||    54
         Punch             |     2 |     1 |     2 ||     5
         Dagger            |    20 |    54 |       ||    74
         Short sword       |       |       |    42 ||    42
 Invoke: Foxfire Swarm     |       |       |     1 ||     1
         Fiery Armour      |       |       |     1 ||     1
    Use: Scroll            |     2 |       |     3 ||     5
         Potion            |       |       |     2 ||     2
   Stab: Sleeping          |    18 |     8 |     8 ||    34
 Armour: Skin              |       |     4 |       ||     4
  Dodge: Dodged            |    39 |    33 |    37 ||   109

Table legend: (Time is in decaauts)
 A = Elapsed time spent in this place.
 B = Non-inter-level travel time spent in this place.
 C = Inter-level travel time spent in this place.
 D = Time resting spent in this place.
 E = Time spent auto-exploring this place.
 F = Levels seen in this place.
 G = Mean time per level.
                   A        B        C        D        E       F      G
               +--------+--------+--------+--------+--------+-----+--------+
         Total |   4996 |   4804 |    192 |    298 |   3415 |   7 |  713.7 |
       Dungeon |   4603 |   4411 |    192 |    298 |   3228 |   6 |  767.2 |
         Sewer |    392 |    392 |      0 |      0 |    187 |   1 |  392.0 |
               +--------+--------+--------+--------+--------+-----+--------+

Top non-repeatable levels by time:
     D:4: 1654 daAuts
     D:1: 1122 daAuts
     D:3: 693 daAuts
     D:5: 664 daAuts
     D:2: 455 daAuts
   Sewer: 392 daAuts
     D:6: 13 daAuts
